Map: Lightshade LE

Players

llllllllllll

  • Race: Terran Terran
  • Spawn Location: 11:00

Cheater 1 (Resources) - Winner!

  • Race: Zerg Zerg
  • Spawn Location: 5:00

VOD

Have the link to the VOD?

Description

Time

  • Played on: Dec. 15, 2020, 11:12 p.m.
  • Length: 9:16
Show
View Real Time Build Order
Export as new Build Order

llllllllllll Terran 

Build Orders: Command Center First (CC) 

Get SALT Encoding   

  12  0:00  SCV  
  13  0:12  SCV  
  14  0:17  Supply Depot  
  14  0:24  SCV  
  15  0:38  SCV  
  16  0:50  SCV  
  17  0:58  Command Center  
  17  1:03  SCV  
  18  1:08  Refinery  
  18  1:15  SCV  
  19  1:20  Barracks  
  19  1:27  SCV  
  20  1:35  Barracks  
  20  1:39  SCV  
  21  1:51  SCV  
  22  2:07  Orbital Command  
  22  2:08  Marine  
  23  2:10  Orbital Command  
  23  2:24  Factory  
  23  2:27  Barracks Reactor  
  23  2:29  Marine  
  24  2:33  SCV  
  24  2:36  SCV  
  26  2:45  SCV  
  26  2:47  Marine  
  26  2:48  SCV  
  29  2:54  Command Center  
  29  2:57  SCV  
  30  3:00  SCV  
  31  3:12  Barracks Tech Lab  
  31  3:13  SCV  
  31  3:14  SCV  
  31  3:18  Hellion x2, Barracks Reactor  
  37  3:25  SCV  
  38  3:32  Stimpack  
  38  3:37  Supply Depot  
  38  3:39  Supply Depot  
  38  3:43  Marine  
  38  3:44  Hellion x2, SCV  
  38  3:47  SCV  
  45  3:54  Marine  
  46  3:58  Marine, Refinery  
  46  3:59  SCV, Refinery  
  46  4:01  Supply Depot, Marine  
  46  4:02  Supply Depot  
  49  4:05  Refinery, SCV  
  49  4:08  Orbital Command  
  50  4:11  SCV  
  50  4:16  Hellion  
  53  4:17  SCV  
  53  4:19  Hellion  
  53  4:23  Starport  
  56  4:28  SCV  
  57  4:32  SCV  
  57  4:33  Marine x3  
  57  4:35  SCV  
  62  4:40  SCV  
  62  4:43  Hellion  
  62  4:44  Hellion, SCV  
  68  4:47  SCV  
  68  4:51  Marine  
  68  4:52  Marine x2  
  72  4:57  Engineering Bay  
  72  4:59  Engineering Bay, SCV  
  73  5:00  SCV  
  73  5:02  SCV  
  75  5:08  Orbital Command  
  75  5:12  Medivac x2, Combat Shield  
  79  5:14  Factory Reactor  
  79  5:15  Marine x2  
  79  5:16  Marine  
  79  5:21  SCV x2  
  84  5:25  Terran Infantry Weapons Level 1, Terran Infantry Armor Level 1  
  84  5:28  Supply Depot  
  84  5:32  Marine  
  84  5:33  Marine x2, SCV x2  
  89  5:38  Supply Depot  
  89  5:40  Supply Depot  
  89  5:42  SCV  
  90  5:45  SCV  
  90  5:49  SCV  
  92  5:54  SCV  
  92  5:57  Barracks x2  
  94  5:58  Barracks, SCV  
  94  6:01  SCV  
  95  6:04  Marine  
  95  6:05  Marine x2  
  95  6:06  Widow Mine x2, SCV, Medivac  
  95  6:09  Medivac  
  107  6:12  Supply Depot  
  107  6:14  Supply Depot, SCV  
  107  6:15  SCV  
  109  6:23  SCV  
  110  6:27  SCV  
  110  6:28  SCV  
  110  6:31  Marine, Refinery  
  110  6:32  Marine x2  
  117  6:33  Widow Mine, Refinery  
  117  6:34  Widow Mine  
  117  6:35  SCV  
  117  6:37  Armory  
  117  6:39  SCV  
  121  6:40  Medivac x2  
  121  6:44  Supply Depot  
  121  6:45  Supply Depot  
  121  6:46  SCV  
  126  6:47  SCV  
  126  6:49  Marine x3  
  126  6:53  Supply Depot, Barracks Tech Lab, Barracks Reactor x2  
  130  7:02  Widow Mine  
  130  7:05  Widow Mine, SCV x3  
  130  7:07  Marine x3  
  140  7:09  Concussive Shells  
  140  7:10  Medivac  
  140  7:12  Supply Depot  
  140  7:14  Supply Depot  
  142  7:15  Factory  
  142  7:18  Medivac, Marauder  
  142  7:19  SCV x3  
  142  7:22  Supply Depot  
  149  7:25  Marine  
  149  7:26  Marauder  
  152  7:33  SCV x3  
  152  7:35  Marine x4  
  152  7:36  Command Center  
  161  7:37  Widow Mine  
  161  7:39  Widow Mine  
  161  7:41  Supply Depot  
  161  7:43  Supply Depot  
  163  7:48  Supply Depot  
  163  7:53  Marine x7  
  163  7:54  Medivac x2  
  174  8:06  Factory Tech Lab  
  174  8:07  Supply Depot  
  174  8:08  Marine  
  174  8:11  Marine x3  
  174  8:12  Widow Mine  
  180  8:13  Widow Mine  
  180  8:17  Marine x4  
  186  8:23  SCV x2  
  186  8:24  Medivac x2  
  193  8:33  Widow Mine, Marine x4  
  199  8:34  Widow Mine  
  199  8:35  Marine  
  193  8:47  Marine x3  
  185  8:48  Widow Mine  
  185  8:51  Marine x2  
  178  8:57  Command Center  
  178  9:01  Supply Depot  
  180  9:15  Supply Depot  
Show
View Real Time Build Order
Export as new Build Order

Cheater 1 (Resources) Zerg - Winner!

Build Orders: Pool First 

Get SALT Encoding   

  12  0:00  Drone  
  13  0:12  Overlord  
  13  0:16  Drone  
  14  0:30  Drone x2  
  16  0:43  Spawning Pool  
  16  0:44  Drone  
  16  0:48  Drone  
  17  1:12  Hatchery  
  17  1:13  Drone  
  17  1:16  Extractor  
  16  1:18  Drone  
  16  1:22  Drone  
  18  1:28  Drone  
  19  1:38  Overlord  
  19  1:45  Queen  
  21  1:49  Drone  
  22  2:00  Zergling x2  
  23  2:10  Drone  
  24  2:18  Roach Warren  
  24  2:21  Queen, Drone  
  26  2:23  Extractor, Drone  
  26  2:32  Drone  
  26  2:36  Overlord  
  27  2:43  Drone  
  28  2:45  Drone  
  29  2:51  Drone  
  29  2:52  Drone x2  
  29  2:55  Zergling x2  
  33  2:59  Zergling x2  
  33  3:05  Roach  
  36  3:08  Roach  
  38  3:16  Roach  
  38  3:17  Roach  
  42  3:23  Drone  
  42  3:24  Drone  
  42  3:26  Overlord  
  44  3:33  Lair  
  44  3:37  Metabolic Boost  
  44  3:44  Drone  
  44  3:45  Drone  
  44  3:48  Drone  
  47  3:50  Drone  
  47  3:52  Drone  
  47  3:55  Drone  
  50  3:57  Drone  
  50  4:01  Overlord  
  51  4:03  Drone  
  51  4:08  Evolution Chamber, Drone  
  52  4:12  Evolution Chamber, Drone  
  52  4:19  Drone x2  
  52  4:20  Drone  
  52  4:22  Drone  
  57  4:24  Drone  
  57  4:25  Drone  
  58  4:35  Zerg Missile Weapons Level 1, Overlord  
  58  4:36  Infestation Pit  
  58  4:37  Zerg Ground Armor Level 1, Drone  
  58  4:40  Overlord  
  58  4:41  Drone  
  58  4:43  Zergling x2  
  60  4:53  Zergling x2  
  60  4:54  Zergling x2, Roach x2  
  60  4:56  Roach  
  60  4:58  Roach  
  70  5:00  Overlord  
  70  5:04  Drone  
  71  5:08  Hydralisk Den  
  71  5:09  Drone  
  71  5:10  Extractor, Drone  
  71  5:12  Drone, Extractor  
  71  5:13  Drone  
  72  5:14  Pathogen Glands  
  72  5:15  Drone  
  72  5:18  Drone, Overlord  
  74  5:32  Drone x3  
  74  5:35  Drone x3  
  78  5:37  Overlord, Hydralisk  
  82  5:46  Infestor, Hydralisk  
  82  5:47  Baneling Nest  
  82  5:48  Drone  
  82  5:49  Evolution Chamber, Drone  
  86  5:54  Hatchery  
  85  5:57  Drone  
  85  5:59  Roach  
  88  6:06  Roach, Infestor, Overlord  
  92  6:15  Zerg Melee Weapons Level 1  
  92  6:16  Ravager  
  93  6:19  Roach  
  93  6:24  Ravager, Spine Crawler  
  95  6:26  Roach, Overlord  
  95  6:27  Spine Crawler  
  95  6:31  Baneling  
  95  6:32  Overseer  
  96  6:33  Baneling x2  
  96  6:35  Baneling  
  96  6:37  Baneling  
  96  6:39  Baneling  
  96  6:41  Baneling  
  96  6:43  Baneling  
  96  6:44  Zergling x2, Baneling  
  96  6:46  Baneling  
  97  6:48  Zergling x2, Baneling  
  97  6:50  Baneling  
  98  7:06  Spore Crawler, Queen, Centrifical Hooks  
  98  7:07  Drone x3  
  98  7:08  Spore Crawler, Drone x5  
  105  7:09  Zergling x2, Baneling x2, Drone x3, Overlord  
  105  7:10  Drone, Spine Crawler  
  105  7:12  Baneling  
  105  7:13  Zergling x2, Baneling, Drone x2  
  113  7:16  Extractor, Drone  
  113  7:17  Extractor  
  113  7:19  Drone  
  113  7:20  Drone  
  114  7:26  Hatchery  
  114  7:27  Drone  
  114  7:29  Baneling x2  
  115  7:30  Zergling x2, Overlord  
  115  7:33  Baneling x2  
  115  7:38  Zergling x2  
  115  7:41  Infestor, Drone x2, Hydralisk x2  
  115  7:42  Drone x2  
  126  7:49  Drone  
  127  7:52  Overlord  
  127  7:53  Drone  
  128  7:59  Drone  
  128  8:03  Drone  
  128  8:04  Drone  
  131  8:10  Zergling x2, Roach x2, Infestor  
  138  8:13  Roach, Overlord  
  138  8:19  Spine Crawler  
  139  8:27  Drone, Spire  
  129  8:35  Zergling x2  
  129  8:37  Queen  
  129  8:38  Zergling x2  
  129  8:39  Zergling x2, Drone  
  129  8:40  Drone x2  
  131  8:42  Roach x2  
  131  8:44  Roach  
  131  8:46  Roach  
  125  8:48  Extractor, Hydralisk  
  125  8:49  Drone  
  125  8:52  Roach x2  
  125  8:53  Roach  
  125  8:54  Roach, Baneling  
  125  8:55  Baneling, Extractor  
  106  8:56  Drone  
  106  8:58  Zergling x2, Baneling  
  106  8:59  Overseer, Baneling x2  
  106  9:01  Drone  
  103  9:03  Drone x4, Hatchery  
Tags
 
Add a new tag
Caveats
  • Supply blocks, unpowered buildings, or Contaminate may cause inaccurate times.
  • Supply counts are checked every 10 seconds.